 Dungeon Crawl Stone Soup version 0.30-b1-2-g02819fbbbe (webtiles) character file.

Game seed: 10301380390123642189

156 Alarkh the Digger (level 5, 35/35 HPs)
             Began as a Demonspawn Earth Elementalist on May 30, 2023.
             Got out of the dungeon alive.
             The game lasted 00:02:06 (1090 turns).

Alarkh the Digger (Demonspawn Earth Elementalist)   Turns: 1090, Time: 00:02:07

Health: 35/35      AC:  2    Str:  9    XL:     5   Next: 14%
Magic:  9/9        EV: 12    Int: 20    God:
Gold:   25         SH:  0    Dex: 13    Spells: 9/10 levels left

rFire   . . .        f - +0 rapier
rCold   . . .        (no shield)
rNeg    . . .        a - +0 robe
rPois   .            (helmet restricted)
rElec   .            (no cloak)
rCorr   .            (no gloves)
SInv    .            (no boots)
Will    .....        l - amulet of regeneration
Stlth   ++           (no ring)
HPRegen 1.05/turn    (no ring)
MPRegen 0.11/turn

%: no passive effects
@: no status effects
A: antennae 1, powered by pain 1, spiny 1, big brain 1
a: no special abilities


You escaped.
You visited 1 branch of the dungeon, and saw 2 of its levels.

You collected 25 gold pieces.

Inventory:

Hand Weapons
 f - a +0 rapier (weapon)
Armour
 a - a +0 robe (worn)
Jewellery
 i - an amulet of faith
 l - an amulet of regeneration (around neck)
Scrolls
 c - a scroll of vulnerability {unknown}
 d - a scroll of magic mapping {unknown}
 h - a scroll of noise {unknown}
 j - a scroll of enchant weapon {unknown}
 k - a scroll of enchant armour {unknown}
 m - a scroll of teleportation {unknown}
Potions
 b - 2 potions of magic
 e - 2 potions of invisibility {unknown}
 g - a potion of curing {unknown}
 n - a potion of brilliance {unknown}
 o - a potion of heal wounds {unknown}


   Skills:
 - Level 1.7 Dodging
 - Level 1.7 Stealth
 + Level 3.2 Spellcasting
 - Level 0.8 Transmutations
 * Level 4.6 Earth Magic


You had 9 spell levels left.
You knew the following spells:

 Your Spells              Type           Power      Damage    Failure   Level
a - Sandblast             Erth           42%        2d11      1%          1

Your spell library contained the following spells:

 Spells                   Type           Power      Damage    Failure   Level
 Passwall                 Tmut/Erth      11%        N/A       7%          2
 Stone Arrow              Conj/Erth      24%        3d8       16%         3
 Petrify                  Tmut/Erth      14%        N/A       41%         4


Dungeon Overview and Level Annotations

Branches:
Dungeon (2/15)

Altars:


Innate Abilities, Weirdness & Mutations

You have a pair of small antennae on your head.
You sometimes gain a little power by taking damage.
You are partially covered in sharp spines.
You have an unusually large brain. (Int +2)


Message History

Press: ? - help, Shift-Dir - straight line The blast of sand hits something.
Something hits you.
You hit something but do no damage. Something barely misses you.
You closely miss something. Something hits you but does no damage.
Something hits you.
You barely miss something.
You hear some strange, mumbled words.
Something tries to affect you, but you resist.
You barely miss something.
You hear some strange, mumbled words.
Something tries to affect you, but you resist.
You hit something but do no damage. Something hits you but does no damage.
You closely miss something.
You hear some strange, mumbled words.
A puff of flame appears from out of thin air!
The puff of flame hits you!
You focus on the pain.
You feel your power returning.
You closely miss something. Something hits you. x2
Casting: Sandblast (safe; 2% risk of failure)
Confirm with . or Enter, or press ? or * to list all spells.
Aiming: Sandblast (safe; 2% risk of failure)
Press: ? - help, Shift-Dir - straight line The blast of sand hits something!
Reactivating autopickup.
You feel a bit more experienced.
You have reached level 5!
Your demonic ancestry asserts itself...
A pair of antennae grows on your head!
HP restored.
You see here a dart slug corpse.
There is a stone staircase leading up here.
You climb upwards.
There is a stone staircase leading down here.
You see here a +0 dagger.
There is an empty arch of ancient stone here.
There is a staircase leading out of the dungeon here.
Are you sure you want to leave the Dungeon?
This will make you lose the game!
Alright, then stay!
Are you sure you want to leave the Dungeon?
This will make you lose the game!
You have escaped!

###. #... # #.#.
### #.#. ..##
#############...
#..#
#...........###.
##.###
##.⌠.♣.⌠.♣.⌠.###)
#...######
##.............###
###......##
#@.≈≈≈≈≈≈≈≈≈≈≈.∩..
##......#
##.............###
#......#
##.⌠.♣.⌠.♣.⌠.###.
#......#
#...........#...
######.##
#############.##
#.......#
####.........
#.......#
#....##.#####
#.".....#
#####.#####.#
#######.##
#...........#


There were no monsters in sight!

Vanquished Creatures
  An orc priest (D:2)
  3 orc wizards (D:2)
  5 dart slugs
  An orc (D:2)
  7 ball pythons
  5 endoplasms (D:1)
  A giant cockroach (D:1)
  3 hobgoblins (D:1)
  3 jackals (D:1)
  A kobold (D:1)
  A quokka (D:1)
  3 bats (D:1)
  A frilled lizard (D:1)
  4 goblins (D:1)
  A rat (D:1)
40 creatures vanquished.

Notes
Turn   | Place    | Note
-------+----------+-------------------------------------------
     0 | D:1      | Alarkh the Demonspawn Earth Elementalist began the quest
                  | for the Orb.
     0 | D:1      | Reached XP level 1. HP: 13/13 MP: 3/3
    92 | D:1      | Reached skill level 3 in Earth Magic
   108 | D:1      | Gained mutation: You sometimes gain a little power by
                  | taking damage. [demonic ancestry]
   108 | D:1      | Reached XP level 2. HP: 19/19 MP: 1/5
   500 | D:1      | Gained mutation: You have an unusually large brain. (Int
                  | +2) [demonic ancestry]
   500 | D:1      | Reached XP level 3. HP: 24/24 MP: 3/6
   807 | D:1      | Found a faded altar of an unknown god.
   962 | D:2      | Reached skill level 4 in Earth Magic
   962 | D:2      | Gained mutation: You are partially covered in sharp spines.
                  | [demonic ancestry]
   962 | D:2      | Reached XP level 4. HP: 30/30 MP: 3/8
   990 | D:2      | Gained mutation: You have a pair of small antennae on your
                  | head. [demonic ancestry]
   990 | D:2      | Reached XP level 5. HP: 22/35 MP: 7/9
  1090 | D:$      | Got out of the dungeon alive.

Illustrated notes

Levels and vault maps discovered:
D:1:      mainiacjoe_arrival_reflecting_pool, layout_basic,
          dreamdust_ecumenical_altar_angels_and_demons
D:2:      layout_basic

Skill      XL: |  1  2  3  4 |
---------------+-------------+-----
Earth Magic    | 3 4 |  4.6
Spellcasting   | 3 |  3.2
Dodging        | |  1.7
Stealth        | |  1.7
Transmutations | |  0.8

Action                     |  1- 3 |  4- 6 || total
---------------------------+-------+-------++-------
  Melee: Rapier            |       |    20 ||    20
   Cast: Sandblast         |    52 |     7 ||    59
 Armour: Robe              |     8 |     3 ||    11
  Dodge: Dodged            |    15 |     7 ||    22
